 Dungeon Crawl Stone Soup version 0.27-a0-1597-ge58577e147 (webtiles) character file.

Game seed: 2861918723689647308

1376 MirrMurr the Thrower (level 8, -1/64 HPs)
             Began as a Gnoll Hunter on July 21, 2021.
             Engulfed by a steam dragon's steam (3 damage)
             ... on level 6 of the Dungeon.
             The game lasted 00:15:07 (10479 turns).

MirrMurr the Thrower (Gnoll Hunter)                Turns: 10479, Time: 00:15:07

Health: -1/64      AC:  8    Str: 11    XL:     8   Next: 66%
Magic:  4/4        EV: 10    Int: 11    God:
Gold:   141        SH:  8    Dex: 13    Spells: 13/13 levels left

rFire    . . .     SeeInvis +   a - +7 dagger "Feddie" {antimagic, rPois rC- rCorr SInv}
rCold    x . .     Faith    .   r - +0 kite shield
rNeg     . . .     Spirit   .   u - +0 ring mail
rPois    +         Reflect  .   (no helmet)
rElec    .         Harm     .   (no cloak)
rCorr    +         Rampage  .   g - +0 pair of gloves
Will     .....                  m - +0 pair of boots {Fly}
Stlth    ++........             (no amulet)
HPRegen  0.20/turn              (no ring)
MPRegen  0.09/turn              (no ring)

@: flying
A: fangs 1, strong nose, distributed training, talons 1, dopey 1
a: no special abilities


You were on level 6 of the Dungeon.
You visited 1 branch of the dungeon, and saw 6 of its levels.

You collected 141 gold pieces.

Inventory:

Hand Weapons
 a - the +7 dagger "Feddie" (weapon) {antimagic, rPois rC- rCorr SInv}
   (You found it on level 4 of the Dungeon)

   It reduces the magical energy of the wielder, and disrupts the spells and
   magical abilities of those it strikes.
   Natural abilities and divine invocations are not affected.
   rC:        It makes you vulnerable to cold.
   rPois:     It protects you from poison.
   SInv:      It lets you see invisible.
   rCorr:     It protects you from acid and corrosion.
 b - a +0 hunting sling
 p - a +0 trident
 q - a +1 dagger of pain
 v - a +0 dagger of venom
Missiles
 c - 14 javelins (quivered)
 d - 2 throwing nets
 j - 43 sling bullets
 n - 115 stones
 t - 12 poisoned darts
Armour
 g - a +0 pair of gloves (worn)
 m - a +0 pair of boots of flying (worn)
 r - a +0 kite shield (worn)
 u - a +0 ring mail (worn)
Jewellery
 h - an amulet of the acrobat
Wands
 k - a wand of paralysis (5)
 s - a wand of flame (49)
Scrolls
 f - 4 scrolls of teleportation
 i - 2 scrolls of fog
 y - a scroll of immolation
Potions
 e - 2 potions of lignification
 l - a potion of heal wounds {unknown}
 o - a potion of berserk rage
 x - a potion of flight {unknown}
 z - a potion of degeneration {unknown}


   Skills:
 + Level 5.8 Fighting
 + Level 3.4 Short Blades
 + Level 3.4 Long Blades
 + Level 3.4 Axes
 + Level 3.4 Maces & Flails
 + Level 3.4 Polearms
 + Level 3.4 Staves
 + Level 3.4 Slings
 + Level 3.4 Bows
 + Level 3.4 Crossbows
 + Level 9.2 Throwing
 + Level 3.4 Armour
 + Level 5.8 Dodging
 + Level 4.2 Stealth
 + Level 3.4 Shields
 + Level 3.4 Unarmed Combat
 + Level 3.4 Spellcasting
 + Level 2.8 Conjurations
 + Level 2.8 Hexes
 + Level 2.8 Summonings
 + Level 2.8 Necromancy
 + Level 2.8 Translocations
 + Level 2.8 Transmutations
 + Level 2.8 Fire Magic
 + Level 2.8 Ice Magic
 + Level 2.8 Air Magic
 + Level 2.8 Earth Magic
 + Level 2.8 Poison Magic
 + Level 3.8 Invocations
 + Level 3.4 Evocations


You had 13 spell levels left.
You didn't know any spells.
Your spell library contained the following spells:

 Spells                   Type           Power      Damage    Failure   Level
 Summon Small Mammal      Summ           32%        N/A       63%         1
 Passwall                 Tmut/Erth      6%         N/A       77%         2
 Slow                     Hex            8%         N/A       77%         2
 Call Canine Familiar     Summ           8%         N/A       94%         3
 Confusing Touch          Hex            8%         N/A       94%         3
 Gell's Gravitas          Tloc           4%         N/A       94%         3
 Lesser Beckoning         Tloc           4%         N/A       94%         3
 Summon Guardian Golem    Hex/Summ       8%         N/A       94%         3
 Swiftness                Air            8%         N/A       94%         3
 Teleport Other           Tloc           8%         N/A       94%         3
 Vampiric Draining        Necr           4%         2d6       94%         3
 Summon Ice Beast         Ice/Summ       8%         N/A       100%        4
 Summon Mana Viper        Hex/Summ       8%         N/A       100%        5
 Invisibility             Hex            4%         N/A       100%        6
 Monstrous Menagerie      Summ           4%         N/A       100%        7
 Orb of Destruction       Conj           4%         9d2       100%        7
 Spellforged Servitor     Conj/Summ      4%         N/A       100%        7


Dungeon Overview and Level Annotations

Branches:
Dungeon (6/15)
 Temple: D:4-7

Altars:
Trog

Shops:
D:1 [


Innate Abilities, Weirdness & Mutations

You have very sharp teeth.
Your uncanny sense of smell can sniff out nearby items.
Your experience applies equally to all skills.
You have sharp toenails.
You are dopey. (Int -2)


Message History

a +1 flail of protection; a hound corpse You hit the steam dragon.
The steam dragon is lightly wounded.
You are engulfed in a cloud of scalding steam.
The steam dragon barely misses you. The steam dragon misses you.
You hit the steam dragon.
The steam dragon is lightly wounded.
You are engulfed in a cloud of scalding steam.
* * * LOW HITPOINT WARNING * * *
The steam dragon bites you.
* * * LOW HITPOINT WARNING * * *
The steam dragon claws you but does no damage.
You barely miss the steam dragon.
The steam dragon is lightly wounded.
You are engulfed in a cloud of scalding steam.
* * * LOW HITPOINT WARNING * * *
The steam dragon bites you.
* * * LOW HITPOINT WARNING * * *
You block the steam dragon's attack.
Okay, then.
A gnoll shaman comes into view. It is wielding a +0 club.
Things that are here:
a +0 halberd; a stone; a gnoll corpse You feel better.
The steam dragon breathes steam at you. The ball of steam hits you!
* * * LOW HITPOINT WARNING * * *
The gnoll shaman shouts!
Unknown command.
You block the steam dragon's attack. x2
You see here a +0 spear.
You hit the steam dragon.
You bite the steam dragon, but do no damage.
The steam dragon is lightly wounded.
A gnoll comes into view. It is wielding a +0 spear.
The steam dragon closely misses you. You block the steam dragon's attack.
You puncture the steam dragon! Your bite misses the steam dragon.
The steam dragon is heavily wounded.
You are engulfed in a cloud of scalding steam.
You die...

############
#ยง.)Dg....g.
......#@####.###
#######.#
#.......#
#.####### #.#
#.# #.#
##########.#
.........#.#


You could see a steam dragon, a gnoll shaman and a gnoll.

Vanquished Creatures
  A black bear (D:5)
  An ogre (D:5)
  A bullfrog (D:6)
  4 scorpions
  A water moccasin skeleton (D:6)
  A wight (D:6)
  A howler monkey (D:6)
  2 bullfrog zombies (D:6)
  2 centaur skeletons
  2 hounds
  3 orc priests
  A bullfrog skeleton (D:6)
  2 iguanas
  Ijyb (D:3)
  Natasha (thrice) (D:4)
  An orc wizard (D:5)
  3 hound skeletons
  A howler monkey skeleton (D:4)
  3 adders
  6 gnolls
  2 shadow imps
  3 white imps
  An ufetubus (D:5)
  2 worms
  A dart slug (D:1)
  19 orcs
  7 endoplasms
  5 giant cockroaches
  8 goblins
  12 hobgoblins
  5 jackals
  4 kobolds
  2 quokkas
  6 ball pythons
  3 bats
  4 frilled lizards
  7 rats
131 creatures vanquished.

Notes
Turn   | Place    | Note
-------+----------+-------------------------------------------
     0 | D:1      | MirrMurr the Gnoll Hunter began the quest for the Orb.
     0 | D:1      | Reached XP level 1. HP: 20/20 MP: 1/1
   294 | D:1      | Reached XP level 2. HP: 17/26 MP: 2/2
   625 | D:1      | Found Luufe's Antique Armour Boutique.
   658 | D:1      | Found a faded altar of an unknown god.
   995 | D:1      | You fall into a shaft and drop 1 floor!
  1000 | D:2      | Reached XP level 3. HP: 24/31 MP: 3/3
  1678 | D:2      | Reached skill level 1 in Invocations
  2394 | D:1      | Reached skill level 1 in Short Blades
  2394 | D:1      | Reached skill level 1 in Long Blades
  2394 | D:1      | Reached skill level 1 in Axes
  2394 | D:1      | Reached skill level 1 in Maces & Flails
  2394 | D:1      | Reached skill level 1 in Polearms
  2394 | D:1      | Reached skill level 1 in Staves
  2394 | D:1      | Reached skill level 1 in Slings
  2394 | D:1      | Reached skill level 1 in Bows
  2394 | D:1      | Reached skill level 1 in Crossbows
  2394 | D:1      | Reached skill level 1 in Armour
  2394 | D:1      | Reached skill level 1 in Shields
  2394 | D:1      | Reached skill level 1 in Unarmed Combat
  2394 | D:1      | Reached skill level 1 in Spellcasting
  2394 | D:1      | Reached skill level 1 in Evocations
  2879 | D:3      | Noticed Ijyb
  2896 | D:3      | Killed Ijyb
  2897 | D:3      | Reached XP level 4. HP: 20/38 MP: 5/5
  3148 | D:3      | Reached skill level 1 in Conjurations
  3148 | D:3      | Reached skill level 1 in Hexes
  3148 | D:3      | Reached skill level 1 in Summonings
  3148 | D:3      | Reached skill level 1 in Necromancy
  3148 | D:3      | Reached skill level 1 in Translocations
  3148 | D:3      | Reached skill level 1 in Transmutations
  3148 | D:3      | Reached skill level 1 in Fire Magic
  3148 | D:3      | Reached skill level 1 in Ice Magic
  3148 | D:3      | Reached skill level 1 in Air Magic
  3148 | D:3      | Reached skill level 1 in Earth Magic
  3148 | D:3      | Reached skill level 1 in Poison Magic
  3739 | D:3      | Reached XP level 5. HP: 38/43 MP: 6/6
  4891 | D:3      | Reached XP level 6. HP: 46/50 MP: 8/8
  5025 | D:4      | Gained mutation: You are dopey. (Int -2) [potion of
                  | mutation]
  5025 | D:4      | Gained mutation: You have sharp toenails. [potion of
                  | mutation]
  6202 | D:4      | Reached skill level 5 in Fighting
  6202 | D:4      | Reached skill level 5 in Dodging
  6840 | D:4      | Noticed Natasha
  6851 | D:4      | Killed Natasha
  6936 | D:4      | Noticed Natasha
  6952 | D:4      | Killed Natasha
  6953 | D:4      | Reached XP level 7. HP: 25/56 MP: 10/10
  7287 | D:4      | Noticed Natasha
  7304 | D:4      | Killed Natasha
  7926 | D:4      | Identified the +7 dagger "Feddie" {antimagic, rPois rC-
                  | rCorr SInv}
  7966 | D:5      | Entered Level 5 of the Dungeon
  8404 | D:5      | Reached skill level 9 in Throwing
  8864 | D:5      | Identified a scroll of acquirement
  8864 | D:5      | Acquired a +0 pair of boots of flying
  9087 | D:5      | Found a bloodstained altar of Trog.
  9126 | D:5      | Reached XP level 8. HP: 22/63 MP: 4/12
 10476 | D:6      | HP: 2/64 [steam dragon/ball of steam (14)]
 10479 | D:6      | Engulfed by a steam dragon's steam

Illustrated notes

Levels and vault maps discovered:
D:1:      wander_arrival_abandoned_jail, layout_loops_ring,
          basic_ecumenical_altar, serial_shops, shop
D:2:      layout_basic
D:3:      layout_rooms, uniq_ijyb
D:4:      layout_gridville, uniq_natasha
D:5:      layout_cave_pools, mainiacjoe_overflow_small_starburst,
          kennysheep_generic_room_7
D:6:      layout_loops_ring, dk_noncrumbling_3

Skill      XL: |  1  2  3  4  5  6  7  8 |
---------------+-------------------------+-----
Invocations    | 1 2 3 |  3.8
Short Blades   | 1 2 3 |  3.4
Long Blades    | 1 2 3 |  3.4
Axes           | 1 2 3 |  3.4
Maces & Flails | 1 2 3 |  3.4
Polearms       | 1 2 3 |  3.4
Staves         | 1 2 3 |  3.4
Slings         | 1 2 3 |  3.4
Bows           | 1 2 3 |  3.4
Crossbows      | 1 2 3 |  3.4
Armour         | 1 2 3 |  3.4
Shields        | 1 2 3 |  3.4
Unarmed Combat | 1 2 3 |  3.4
Spellcasting   | 1 2 3 |  3.4
Evocations     | 1 2 3 |  3.4
Conjurations   | 1 2 |  2.8
Hexes          | 1 2 |  2.8
Summonings     | 1 2 |  2.8
Necromancy     | 1 2 |  2.8
Translocations | 1 2 |  2.8
Transmutations | 1 2 |  2.8
Fire Magic     | 1 2 |  2.8
Ice Magic      | 1 2 |  2.8
Air Magic      | 1 2 |  2.8
Earth Magic    | 1 2 |  2.8
Poison Magic   | 1 2 |  2.8
Stealth        | 3 4 |  4.2
Fighting       | 5 |  5.8
Dodging        | 5 |  5.8
Throwing       | 9 |  9.2

Action                   |  1- 3 |  4- 6 |  7- 9 || total
-------------------------+-------+-------+-------++-------
Melee: Short sword       |   199 |    45 |       ||   244
       Bite              |    15 |    20 |    16 ||    51
       Punch             |     1 |     1 |       ||     2
       Dagger            |       |   156 |   209 ||   365
 Fire: Hunting sling     |       |   151 |    52 ||   203
Throw: Dart              |       |     5 |       ||     5
Evoke: Wand              |     2 |       |       ||     2
  Use: Scroll            |       |     5 |     3 ||     8
       Potion            |       |     4 |     2 ||     6
 Stab: Sleeping          |     6 |     1 |     1 ||     8
       Paralysed         |    11 |       |       ||    11
Armor: Leather armour    |    42 |    23 |       ||    65
       Ring mail         |       |    52 |    98 ||   150
       Skin              |       |    11 |       ||    11
Dodge: Dodged            |   115 |    98 |   105 ||   318
Block: Kite shield       |       |    77 |    99 ||   176

Table legend: (Time is in decaauts)
 A = Elapsed time spent in this place.
 B = Non-inter-level travel time spent in this place.
 C = Inter-level travel time spent in this place.
 D = Time resting spent in this place.
 E = Time spent auto-exploring this place.
 F = Levels seen in this place.
 G = Mean time per level.
                   A        B        C        D        E       F      G
               +--------+--------+--------+--------+--------+-----+--------+
         Total |  10586 |   9992 |    594 |   1114 |   7095 |   6 | 1764.3 |
       Dungeon |  10586 |   9992 |    594 |   1114 |   7095 |   6 | 1764.3 |
               +--------+--------+--------+--------+--------+-----+--------+

Top non-repeatable levels by time:
     D:4: 2783 daAuts
     D:3: 2218 daAuts
     D:2: 1971 daAuts
     D:5: 1374 daAuts
     D:1: 1330 daAuts
     D:6: 908 daAuts
